 Dungeon Crawl Stone Soup version 0.29-a0-878-g7b45a56547 (console) character file.

Game seed: 15432514087979128280

104 capslocke the Conjurer (level 4, -2/21 HPs)
             Began as a Vine Stalker Conjurer on July 20, 2022.
             Killed from afar by an orc wizard (9 damage)
             ... with a puff of flame
             ... on level 3 of the Dungeon.
             The game lasted 00:10:32 (3306 turns).

capslocke the Conjurer (Vine Stalker Conjurer)      Turns: 3306, Time: 00:10:33

Health: -2/21      AC:  2    Str: 10    XL:     4   Next: 80%
Magic:  0/9        EV: 12    Int: 20    God:
Gold:   84         SH:  0    Dex: 12    Spells: 6/9 levels left

rFire   . . .      SeeInvis .   f - +0 quarterstaff
rCold   . . .      Faith    .   (shield currently unavailable)
rNeg    . . .      Spirit   +   a - +0 robe
rPois   .          Reflect  .   (no helmet)
rElec   .          Harm     .   (no cloak)
rCorr   .          Rampage  .   (no gloves)
Will    .....                   (no boots)
Stlth   ++........              (no amulet)
HPRegen 0.87/turn               (no ring)
MPRegen 0.11/turn               (no ring)

@: no status effects
A: fangs 2, regeneration 1, magic shield, antimagic bite, no potion heal 2
a: no special abilities


You were on level 3 of the Dungeon.
You visited 1 branch of the dungeon, and saw 3 of its levels.

You collected 84 gold pieces.

Inventory:

Hand Weapons
 f - a +0 quarterstaff (weapon)
Armour
 a - a +0 robe (worn)
Scrolls
 c - a scroll of fog {unknown}
 d - 2 scrolls of teleportation {unknown}
 g - 3 scrolls of identify {unknown}
 h - a scroll of poison {unknown}
 k - 3 scrolls of blinking {unknown}
Potions
 b - a potion of magic
 e - a potion of attraction {unknown}
 i - a potion of degeneration {unknown}
 j - 2 potions of cancellation {unknown}
 l - a potion of might {unknown}


   Skills:
 + Level 0.1 Fighting
 + Level 0.3 Staves
 + Level 1.6 Dodging
 - Level 2.7 Stealth
 + Level 3.0 Spellcasting
 + Level 5.3 Conjurations


You had 6 spell levels left.
You knew the following spells:

 Your Spells              Type           Power      Damage    Failure   Level
a - Magic Dart            Conj           96%        1d7       1%          1
b - Searing Ray           Conj           48%        2d6       2%          2

Your spell library contained the following spells:

 Spells                   Type           Power      Damage    Failure   Level
 Static Discharge         Conj/Air       13%        3-5/arc   7%          2
 Apportation              Tloc           6%         N/A       14%         1
 Necrotise                Necr           12%        1d4       14%         1
 Summon Small Mammal      Summ           12%        N/A       14%         1
 Dazzling Flash           Conj/Hex       26%        N/A       14%         3
 Fulminant Prism          Conj/Hex       6%         3d7       43%         4
 Iskenderun's Mystic Bla  Conj/Tloc      13%        2d5       43%         4
 Lightning Bolt           Conj/Air       6%         1d18      78%         5
 Maxwell's Capacitive Co  Air            1%         ∞         100%        8


Dungeon Overview and Level Annotations

Branches:
Dungeon (3/15)

Altars:

Shops:
D:2 (


Innate Abilities, Weirdness & Mutations

You have extremely sharp teeth.
Your natural rate of healing is unusually fast.
When hurt, damage is shared between your health and your magic reserves.
Your bite disrupts and absorbs the magic of your enemies.
Potions cannot restore your health.


Message History

The magic dart hits the kobold.
You kill the kobold!
Casting: Magic Dart (safe; 1% risk of failure)
Confirm with . or Enter, or press ? or * to list all spells.
Aiming: Magic Dart (safe; 1% risk of failure)
Press: ? - help, Shift-Dir - straight line, f - orc
Aim: an orc, wielding a +0 whip (100% to hit)
The magic dart hits the orc.
The orc is moderately wounded.
Casting: Magic Dart (safe; 1% risk of failure)
Confirm with . or Enter, or press ? or * to list all spells.
Aiming: Magic Dart (safe; 1% risk of failure)
Press: ? - help, Shift-Dir - straight line, f/p - orc
Aim: an orc, wielding a +0 whip (moderately wounded, 100% to hit)
The magic dart hits the orc.
The orc is heavily wounded.
The orc misses you. The orc closely misses you.
You hit the orc. Your bite misses the orc.
The orc is almost dead.
The orc hits you but does no damage.
The orc hits you from afar with a +0 trident!
You barely miss the orc. You bite the orc.
You kill the orc!
The orc throws a boomerang.
The boomerang hits you. The rat closely misses you.
You barely miss the rat. You bite the rat, but do no damage.
The rat misses you.
You closely miss the rat. The rat bites you.
You completely miss the rat. The orc closely misses you.
The rat bites you but does no damage.
Casting: Magic Dart (safe; 1% risk of failure)
Confirm with . or Enter, or press ? or * to list all spells.
You don't have enough magic to cast this spell.
The orc hits you from afar with a +0 trident.
The rat closely misses you.
You sock the rat!
You kill the rat!
The orc throws a boomerang.
The boomerang hits you.
The orc wizard points at you and mumbles some strange words.
The puff of flame hits you!
You die...

#.....##
###########......#
#...............##
#.##########......
#.# ###.### #.#
#.# #.# ##'## #.#
##...## #@#
##.....# #)#
##....<.. #oo....#
#........
##.......+........
...?...#........
.......##.......
....... ##.....#
...#### ##...##
#.## ##'##


You could see an orc wizard and an orc.

Vanquished Creatures
  An adder (D:2)
  3 worms
  6 dart slugs
  2 orcs (D:3)
  4 ball pythons
  6 bats
  9 endoplasms
  4 giant cockroaches
  3 goblins
  5 hobgoblins
  6 jackals (D:3)
  A quokka (D:1)
  6 frilled lizards
  4 kobolds
  6 rats
66 creatures vanquished.

Vanquished Creatures (others)
  5 plants (D:3)
  6 withered plants (D:3)
11 creatures vanquished.

Grand Total: 77 creatures vanquished

Notes
Turn   | Place    | Note
-------+----------+-------------------------------------------
     0 | D:1      | capslocke the Vine Stalker Conjurer began the quest for the
                  | Orb.
     0 | D:1      | Reached XP level 1. HP: 9/9 MP: 4/4
   184 | D:1      | Reached XP level 2. HP: 13/13 MP: 4/6
   408 | D:1      | Learned a level 2 spell: Searing Ray
   738 | D:1      | Reached XP level 3. HP: 16/16 MP: 2/7
  1284 | D:2      | Found Ubbier's Weapon Emporium.
  1564 | D:2      | Reached skill level 5 in Conjurations
  1755 | D:2      | Gained mutation: Your natural rate of healing is unusually
                  | fast. [Vine Stalker growth]
  1755 | D:2      | Reached XP level 4. HP: 19/21 MP: 7/9
  3104 | D:3      | Found a faded altar of an unknown god.
  3306 | D:3      | Killed from afar by an orc wizard

Illustrated notes

Levels and vault maps discovered:
D:1:      sevenhm_arrival_forest_fort_large_4, layout_basic, item_on_display_a
D:2:      layout_loops_cross, serial_shops, nicolae_shop_stone
D:3:      layout_loops_corners, shapermc_ecumenical_altar_flowoftime,
          minmay_between, uniq_terence

Skill      XL: |  1  2  3  4 |
---------------+-------------+-----
Conjurations   | 5 |  5.3
Spellcasting   | 3 |  3.0
Fighting       | |  0.1
Staves         | |  0.3
Dodging        | |  1.6
Stealth        | |  2.7

Action                   |  1- 3 |  4- 6 || total
-------------------------+-------+-------++-------
Melee: Quarterstaff      |    11 |    22 ||    33
       Bite              |     3 |     6 ||     9
 Cast: Magic Dart        |    45 |    44 ||    89
       Searing Ray       |     8 |     9 ||    17
 Stab: Sleeping          |     1 |     2 ||     3
Armor: Robe              |     4 |     8 ||    12
Dodge: Dodged            |     8 |    18 ||    26

Table legend: (Time is in decaauts)
 A = Elapsed time spent in this place.
 B = Non-inter-level travel time spent in this place.
 C = Inter-level travel time spent in this place.
 D = Time resting spent in this place.
 E = Time spent auto-exploring this place.
 F = Levels seen in this place.
 G = Mean time per level.
                   A        B        C        D        E       F      G
               +--------+--------+--------+--------+--------+-----+--------+
         Total |   3314 |   3234 |     80 |    535 |   2374 |   3 | 1104.7 |
       Dungeon |   3314 |   3234 |     80 |    535 |   2374 |   3 | 1104.7 |
               +--------+--------+--------+--------+--------+-----+--------+

Top non-repeatable levels by time:
     D:1: 1246 daAuts
     D:3: 1041 daAuts
     D:2: 1026 daAuts
